Map: Jagannatha LE

Players

Tristano - Winner!

  • Race: Protoss Protoss
  • Spawn Location: 7:00

VOD

Have the link to the VOD?

Description

Time

  • Played on: Dec. 24, 2020, 2:45 a.m.
  • Length: 11:39
Show
View Real Time Build Order
Export as new Build Order

Tristano Protoss - Winner!

Build Orders:  

Get SALT Encoding   

  12  0:26  Pylon  
  13  0:32  Probe (Chrono Boost)  
  13  0:57  Gateway  
  13  1:04  Gateway  
  13  1:58  Zealot (Chrono Boost)  
  13  2:04  Zealot (Chrono Boost)  
  17  2:26  Probe  
  18  2:34  Zealot (Chrono Boost)  
  22  2:40  Zealot (Chrono Boost)  
  22  2:43  Probe  
  23  3:33  Pylon  
  23  3:58  Probe  
  28  4:03  Nexus  
  28  4:04  Zealot x2 (Chrono Boost)  
  28  4:16  Nexus  
  26  4:42  Zealot x2 (Chrono Boost)  
  26  4:47  Gateway  
  28  5:20  Zealot x2 (Chrono Boost)  
  28  5:39  Gateway  
  28  5:45  Pylon  
  28  6:06  Zealot x3 (Chrono Boost)  
  34  6:26  Probe  
  35  6:30  Probe  
  42  6:44  Zealot x3 (Chrono Boost)  
  42  6:47  Probe  
  43  7:04  Probe  
  43  7:05  Probe  
  51  7:21  Probe  
  51  7:22  Probe, Zealot x2 (Chrono Boost)  
  51  7:23  Zealot (Chrono Boost)  
  51  7:28  Zealot (Chrono Boost)  
  55  7:49  Zealot (Chrono Boost)  
  55  7:59  Zealot (Chrono Boost)  
  61  8:00  Zealot (Chrono Boost)  
  61  8:07  Zealot (Chrono Boost)  
  63  8:33  Probe  
  63  8:34  Probe  
  65  8:47  Gateway  
  65  8:49  Gateway  
  65  8:50  Probe  
  65  8:51  Probe  
  65  8:53  Pylon  
  67  9:09  Zealot (Chrono Boost)  
  69  9:10  Probe x2  
  69  9:14  Zealot x2 (Chrono Boost)  
  67  9:24  Zealot (Chrono Boost)  
  67  9:27  Probe x2  
  69  9:34  Zealot (Chrono Boost)  
  69  9:41  Zealot x2 (Chrono Boost)  
  69  9:44  Probe x2  
  77  9:57  Zealot (Chrono Boost)  
  77  10:18  Pylon  
  77  10:34  Unknown  
  77  10:39  Zealot (Chrono Boost)  
  77  10:48  Zealot (Chrono Boost)  
  77  10:49  Zealot x3 (Chrono Boost)  
  85  10:53  Pylon  
  85  10:57  Pylon  
  85  11:18  Probe x2  
Tags
 
Add a new tag
Caveats
  • Supply blocks, unpowered buildings, or Contaminate may cause inaccurate times.
  • Supply counts are checked every 10 seconds.